 Dungeon Crawl Stone Soup version 0.22-a0-515-g75794bf (webtiles) character file.

215260 GameOver the Lord of Darkness (level 19, -7/177 HPs)
             Began as a Naga Wizard on June 18, 2018.
             Was the Champion of Kikubaaqudgha.
             Killed from afar by a merfolk aquamancer (35 damage)
             ... with a torrent of water
             ... on level 4 of the Shoals on June 19, 2018.
             The game lasted 04:16:04 (30579 turns).

GameOver the Lord of Darkness (Naga Wizard)        Turns: 30579, Time: 04:16:05

Health: -7/177     AC: 23    Str:  5    XL:     19   Next: 2%
Magic:  31/44      EV: 10    Int: 31    God:    Kikubaaqudgha [******]
Gold:   911        SH:  0    Dex: 16    Spells: 16/42 levels left

rFire    + . .     SeeInvis +   w - +5 lajatang (speed)
rCold    + + .     Gourm    .   (shield currently unavailable)
rNeg     . . .     Faith    .   U - +1 leather armour "Poutunoi" {rF+ Int+5 Dex+3}
rPois    +         Spirit   .   f - +2 hat
rElec    .         Reflect  .   t - +2 cloak {rPois}
rCorr    .         Harm     .   R - +0 pair of gloves
MR       ++...                  y - +1 naga barding of Muor {rC++ MP+9 Str-5 Dex+3}
Stlth    +++.......             D - amulet of rage
HPRegen  1.39/turn              i - +3 ring of slaying
MPRegen  0.29/turn              J - +6 ring of slaying

@: engulfed (cannot breathe), berserk cooldown, regenerating, slowed, very slow
A: large, see invisible, deformed body, poison resistance, slowness 2, slow
metabolism 1, spit poison 1, constrict 1, AC +6
}: 1/15 runes: serpentine
a: Spit Poison, Receive Corpses, Torment, Renounce Religion, Evoke Berserk Rage


You were on level 4 of the Shoals.
You worshipped Kikubaaqudgha.
Kikubaaqudgha was exalted by your worship.
You were very hungry.

You visited 6 branches of the dungeon, and saw 32 of its levels.

You collected 3079 gold pieces.
You spent 2168 gold pieces at shops.

Inventory:

Hand Weapons
 q - a +2 hunting sling of flaming
 s - a +4 double sword of holy wrath
 w - a +5 lajatang of speed (weapon)
 S - a +0 vampiric demon trident
Missiles
 p - 310 sling bullets
Armour
 f - a +2 hat (worn)
 t - a +2 cloak of poison resistance (worn)
 y - the +1 naga barding of Muor (worn) {rC++ MP+9 Str-5 Dex+3}
   (You acquired it on level 15 of the Dungeon)

   It affects your strength (-5).
   It affects your dexterity (+3).
   It greatly protects you from cold.
   It affects your magic capacity (+9).
 C - a +0 shield of positive energy
 R - a +0 pair of gloves (worn)
 U - the +1 leather armour "Poutunoi" (worn) {rF+ Int+5 Dex+3}
   (You found it on level 4 of the Lair of Beasts)

   It affects your intelligence (+5).
   It affects your dexterity (+3).
   It protects you from fire.
Magical Staves
 G - an uncursed staff of conjuration
Jewellery
 b - a +3 ring of protection
 i - a +3 ring of slaying (left hand)
 B - an uncursed ring of protection from fire
 D - an amulet of rage (around neck)
 J - a +6 ring of slaying (right hand)
Wands
 a - a wand of clouds (6)
 c - a wand of enslavement (4)
 g - a wand of polymorph (34)
 x - a wand of disintegration (11)
 E - a wand of flame (21)
 F - a wand of paralysis (11)
 O - a wand of random effects (16)
 T - a wand of iceblast (1)
Scrolls
 l - 9 scrolls of teleportation
 r - 4 scrolls of identify
 u - 6 scrolls of magic mapping
 I - 3 scrolls of torment
 K - 3 scrolls of blinking
 N - 2 scrolls of summoning
 Q - 12 scrolls of remove curse
Potions
 e - 3 potions of resistance
 h - 3 potions of ambrosia
 j - 8 potions of curing
 k - a potion of might
 n - 2 potions of haste
 v - 3 potions of invisibility
 z - 3 potions of berserk rage
 A - 3 potions of magic
 H - 3 potions of brilliance
 L - 5 potions of flight
 P - 2 potions of cancellation
Comestibles
 d - 33 rations


   Skills:
 + Level 12.8 Fighting
 - Level 8.3 Long Blades
   Level 1.3(9.4) Maces & Flails
 - Level 13.9(14.0) Staves
 + Level 9.8 Armour
 - Level 5.0 Dodging
 + Level 6.6 Stealth
 - Level 12.0 Spellcasting
 - Level 10.0 Conjurations
 - Level 5.0 Charms
   Level 1.0 Summonings
 + Level 14.7 Necromancy
 + Level 4.9 Translocations
 + Level 3.5 Transmutations
 - Level 5.0 Evocations


You had 16 spell levels left.
You knew the following spells:

 Your Spells              Type           Power        Failure   Level  Hunger
a - Agony                 Necr           #######.     1%          5    ##.....
b - Blink                 Tloc           N/A          1%          2    None
c - Dispel Undead         Necr           #######.     1%          5    ##.....
d - Irradiate             Conj/Tmut      ######....   7%          5    ##.....
p - Apportation           Tloc           #####.       1%          1    None
s - Bolt of Draining      Conj/Necr      #######...   1%          5    ##.....
x - Regeneration          Chrm/Necr      ######....   1%          3    None

Your spell library contained the following spells:

 Spells                   Type           Power        Failure   Level  Hunger
 Magic Dart               Conj           ####         1%          1    None
 Conjure Flame            Conj/Fire      #####...     1%          3    None
 Lightning Bolt           Conj/Air       #####.....   14%         5    ##.....
 Slow                     Hex            ###.....     6%          2    None
 Mephitic Cloud           Conj/Pois/Air  #####...     3%          3    None
 Death's Door             Chrm/Necr      ######....   99%         8    #######
 Summon Small Mammal      Summ           ###.         2%          1    None
 Pain                     Necr           ####         0%          1    None
 Animate Skeleton         Necr           N/A          0%          1    None
 Vampiric Draining        Necr           #######...   1%          3    None
 Haunt                    Necr/Summ      ######....   78%         7    ######.
 Borgnjor's Revivificati  Necr           #######...   52%         8    #######
 Call Imp                 Summ           ###.....     3%          2    None
 Sublimation of Blood     Necr           #######...   0%          2    None
 Shock                    Conj/Air       ####         1%          1    None
 Swiftness                Chrm/Air       ####....     1%          2    None
 Spider Form              Tmut/Pois      ####......   5%          3    None
 Blade Hands              Tmut           #####.....   26%         5    ##.....
 Statue Form              Tmut/Erth      ####.....    96%         6    ####...
 Ice Form                 Ice/Tmut       ####....     19%         4    None
 Dragon Form              Tmut           #####.....   100%        7    ######.
 Necromutation            Tmut/Necr      ######....   99%         8    #######
 Airstrike                Air            ###.......   36%         4    None
 Confusing Touch          Hex            ###...       3%          1    None
 Ignite Poison            Fire/Tmut/Pois ####....     7%          3    None
 Sticks to Snakes         Tmut           #####...     1%          2    None
 Static Discharge         Conj/Air       #####...     1%          3    None
 Simulacrum               Ice/Necr       ######....   28%         6    ####...
 Excruciating Wounds      Chrm/Necr      ######....   1%          5    ##.....
 Petrify                  Tmut/Erth      ####....     19%         4    None
 Shroud of Golubria       Chrm/Tloc      #####.....   1%          2    None
 Beastly Appendage        Tmut           #####.       1%          1    None
 Infusion                 Chrm           ####         1%          1    None
 Song of Slaying          Chrm           #####...     1%          2    None
 Spectral Weapon          Hex/Chrm       ####....     4%          3    None
 Hydra Form               Tmut           #####.....   80%         6    ####...
 Infestation              Necr           #######...   52%         8    #######


Dungeon Overview and Level Annotations

Branches:
Dungeon (15/15)            Temple (1/1) D:7            Lair (6/6) D:8
 Shoals (4/4) Lair:2        Snake (4/4) Lair:3        Slime (0/5) Lair:5
    Orc (2/2) D:9             Elf (0/3) Orc:2        Vaults (0/5) D:13
 Depths (0/5) D:15

Altars:
Ashenzari
Cheibriados
Dithmenos
Elyvilon
Fedhas
Gozag
Hepliaklqana
Kikubaaqudgha
Makhleb
Nemelex Xobeh
Okawaru
Qazlal
Ru
Sif Muna
Trog
Uskayaw
Vehumet
Wu Jian
Xom
Yredelemnul
Zin
The Shining One
Beogh
Jiyva

Shops:
D:10 (   D:11 ***   Orc:2 ([([   Shoals:3 =   Snake:2 (

Annotations:
D:6 Blork the orc


Innate Abilities, Weirdness & Mutations

You cannot wear boots.
Your serpentine skin is tough. (AC +6)
You have supernaturally acute eyesight. (SInv)
Armour fits poorly on your strangely shaped body.
Your system is resistant to poisons. (rPois)
You cover ground very slowly.
You have a slow metabolism.
You can spit poison.
You can use your snake-like lower body to constrict enemies.


Message History

You rip the net and break free!
You feel your anger nearly subside.
* * * LOW HITPOINT WARNING * * *
Your lungs strain for air!
You are no longer berserk.
You are exhausted.
You feel yourself slow down.
The merfolk aquamancer casts a spell at you.
The shard of ice hits you! You partially resist.
* * * LOW HITPOINT WARNING * * *
The merfolk hits you from afar with a trident.
* * * LOW HITPOINT WARNING * * *
You feel much better.
* * * LOW HITPOINT WARNING * * *
Your lungs strain for air!
The water elemental misses you.
The merfolk aquamancer points at you and mumbles some strange words.
The torrent of water hits you!
You die...
Kikubaaqudgha rasps: "You have failed me!
Welcome... death!"

≈≈≈≈≈≈≈≈≈≈≈≈≈≈≈≈≈≈≈≈≈≈≈≈,,,,,,,
≈≈≈≈≈≈≈≈≈≈≈≈≈≈≈≈≈≈≈≈≈≈≈≈,,,,,,,
≈≈≈≈≈≈≈≈≈≈≈≈≈≈≈≈≈≈≈≈≈≈≈≈,,,,,,,
≈≈≈≈≈≈≈≈≈≈≈≈≈m≈≈≈≈≈≈≈≈≈≈,,,,,,,
≈≈≈≈≈≈≈≈≈≈≈≈≈≈≈≈≈≈≈≈≈≈≈≈,,,,,,,
≈≈≈≈≈≈≈≈≈≈§≈§§§≈≈≈≈≈≈≈≈,,,,,,,,
≈≈≈≈≈≈≈≈≈≈≈≈≈)§≈m...≈≈≈,,,,,,..
≈≈≈≈≈≈≈≈≈≈≈§§§m.####.,≈,,......
≈≈≈≈≈≈≈≈≈≈≈≈≈E@≈# *,≈≈,,,.....
≈≈≈≈≈≈≈≈≈≈≈≈≈≈m## **,,,**#....
≈≈≈≈≈≈≈≈≈≈≈≈≈≈≈.### ***** #....
≈≈≈≈≈≈≈≈≈≈≈≈≈≈≈...#########....
≈≈≈≈≈≈≈≈≈≈≈≈≈≈≈(≈.............#
≈≈≈≈≈≈≈≈≈≈≈≈≈≈≈≈≈...........P.#
≈≈≈≈≈≈≈≈≈≈≈≈≈≈≈≈≈.............#
≈≈≈≈≈≈≈≈≈≈≈≈≈≈≈≈≈..........<...
≈≈≈≈≈≈≈≈≈≈≈≈≈≈≈≈≈....P.....P...


You could see 2 merfolk aquamancers, 2 merfolk and a water elemental.

Vanquished Creatures
  Mara (Snake:4)
  Saint Roka (Snake:4)
  Rupert (D:15)
  Agnes (Snake:4)
  Kirke (Lair:5)
  Donald (Shoals:1)
  Roxanne (Shoals:2)
  14 nagarajas
  Aizul (Snake:1)
  An orc warlord (Orc:2)
  The ghost of Ynaistral the Bludgeoner, a journeyman MiFi of Zin (D:13)
  Snorg (Lair:4)
  An ettin (D:13)
  2 fire dragons
  A yaktaur captain (D:15)
  5 merfolk impalers
  The ghost of GameOver the Carver, a journeyman NaWz of Kikubaaqudgha (Lair:2)
  Harold (D:12)
  25 naga warriors
  6 hydras
  An ice dragon (D:13)
  4 centaur warriors
  13 anacondas
  4 death yaks (Lair:6)
  An alligator snapping turtle (Shoals:4)
  4 two-headed ogres
  3 satyrs
  2 merfolk aquamancers
  4 shock serpents
  2 tengu warriors (D:14)
  Sonja (Lair:1)
  Urug (D:11)
  20 naga sharpshooters
  An iron troll (D:13)
  A fire crab (Lair:6)
  5 sea snakes
  2 unseen horrors
  A wizard (D:15)
  2 spectral hydras (Lair:2)
  3 harpies (Shoals:3)
  11 naga ritualists
  Pikel (D:4)
  3 deep elf magi
  6 mana vipers
  9 manticores
  A wolf spider (Lair:1)
  5 ugly things
  17 fauns
  An oklob plant (Lair:4)
  3 orc sorcerers (Orc:2)
  7 salamanders
  7 cyclopes
  5 elephants (Lair:6)
  44 black mambas
  Maurice (D:7)
  7 guardian serpents
  14 naga magi
  10 spiny frogs
  2 molten gargoyles (Lair:6)
  3 merfolk sirens
  Joseph (D:8)
  3 water nymphs
  A gargoyle (D:14)
  A freezing wraith (D:15)
  2 rime drakes
  2 kobold demonologists
  15 komodo dragons
  The ghost of Woabadd the Chopper, an amateur HOBe of Trog (D:4)
  3 meliai (D:15)
  4 trolls
  The ghost of Dire the Cleaver, an amateur HOGl of Okawaru (D:4)
  The ghost of Dire the Cleaver, an amateur HOGl of Okawaru (D:4)
  20 merfolk
  2 wind drakes
  8 blink frogs
  A hornet (Lair:1)
  6 snapping turtles
  A spectral dream sheep (Lair:2)
  14 hippogriffs
  5 wyverns
  A spectral black mamba (Lair:2)
  5 shadows
  A meliai zombie (D:14)
  3 wraiths
  Eustachio (D:4)
  24 yaks
  A yak (shapeshifter) (D:13)
  6 basilisks
  A fire bat (shapeshifter) (D:13)
  2 hungry ghosts (D:9)
  2 vampires
  11 water elementals
  A steam dragon (Lair:6)
  4 vampire mosquitoes (D:15)
  Menkaure (D:5)
  A spectral spiny frog (Lair:2)
  54 nagas
  3 wargs
  A soldier ant (D:12)
  An acid dragon (D:13)
  A hydra simulacrum (Lair:2)
  10 water moccasins
  8 porcupines
  4 hell hounds (Lair:6)
  37 orc warriors
  9 sky beasts
  A spectral torpor snail (Lair:2)
  A slave (D:4)
  2 black bears
  2 eyes of draining
  A necrophage (D:11)
  3 phantoms
  A black mamba simulacrum (Lair:2)
  5 ice beasts
  16 wolves (Lair:3)
  5 ogres
  15 centaurs
  10 crocodiles
  A big kobold (D:7)
  12 bullfrogs
  2 wyvern zombies
  6 scorpions
  The ghost of Hocei the Chopper, a weakling HOMo (D:4)
  20 killer bees
  13 wights
  6 howler monkeys
  6 crimson imps
  5 lava snakes (Lair:6)
  5 centaur zombies
  32 orc priests
  9 jellies
  Crazy Yiuf (D:2)
  2 bullfrog skeletons
  5 centaur skeletons
  2 gnoll shamans
  2 hounds
  30 orc wizards
  Terence (D:2)
  An iguana (D:9)
  6 worker ants
  2 killer bee zombies
  6 ogre zombies (D:9)
  A hound skeleton (D:4)
  A worker ant zombie (D:10)
  13 gnolls
  32 adders
  2 shadow imps
  An ooze (D:1)
  An adder skeleton (D:7)
  4 worms
  5 leopard geckos
  104 orcs
  5 giant cockroaches
  7 goblins
  6 hobgoblins
  10 jackals
  2 quokkas
  6 bats
  4 frilled lizards
  A goblin zombie (D:9)
  A hobgoblin skeleton (D:9)
  2 hobgoblin zombies (D:9)
  A jackal zombie (D:7)
  10 kobolds
  2 orc skeletons (D:9)
  13 orc zombies (D:9)
  8 rats
  2 fungi
  A plant (Lair:4)
1067 creatures vanquished.

Vanquished Creatures (collateral kills)
  A queen bee (D:8)
  A black bear (D:8)
  2 killer bees (D:8)
4 creatures vanquished.

Vanquished Creatures (others)
  A water elemental (Shoals:3)
  2 bushes (D:14)
  9 fungi
  10 plants
  2 withered plants (D:4)
24 creatures vanquished.

Grand Total: 1095 creatures vanquished

Notes
Turn   | Place    | Note
-------+----------+-------------------------------------------
     0 | D:1      | GameOver the Naga Wizard began the quest for the Orb.
     0 | D:1      | Reached XP level 1. HP: 15/15 MP: 4/4
    89 | D:1      | Reached XP level 2. HP: 7/22 MP: 0/6
   547 | D:1      | Reached XP level 3. HP: 28/28 MP: 2/7
   551 | D:1      | Learned a level 2 spell: Blink
   555 | D:1      | Learned a level 3 spell: Mephitic Cloud
   972 | D:2      | Noticed Terence
  1246 | D:2      | Killed Terence
  1246 | D:2      | Reached XP level 4. HP: 24/36 MP: 2/8
  1331 | D:2      | Found a runed door.
  1335 | D:2      | Noticed Crazy Yiuf
  1343 | D:2      | Killed Crazy Yiuf
  1418 | D:3      | Reached XP level 5. HP: 42/42 MP: 6/9
  1619 | D:3      | Found a sparkling altar of Nemelex Xobeh.
  1792 | D:3      | Reached skill level 1 in Fighting
  1792 | D:3      | Reached skill level 1 in Staves
  2049 | D:4      | Reached skill level 5 in Conjurations
  2052 | D:4      | Reached XP level 6. HP: 51/51 MP: 7/10
  2112 | D:4      | Noticed Pikel
  2112 | D:4      | Noticed a slave
  2112 | D:4      | Noticed a slave
  2112 | D:4      | Noticed a slave
  2116 | D:4      | Noticed Eustachio
  2198 | D:4      | Killed Eustachio
  2229 | D:4      | Noticed a slave
  2267 | D:4      | Killed a slave
  2273 | D:4      | Killed Pikel
  2273 | D:4      | Reached XP level 7. HP: 53/63 MP: 7/11
  2445 | D:4      | Got an ancient chain mail
  2456 | D:4      | Identified the cursed +1 chain mail of Gohie {*Corrode rElec rC+ Regen+} (You found it on level 4 of the Dungeon)
  2507 | D:4      | Found a runed gate.
  2507 | D:4      | Found a runed gate.
  2507 | D:4      | Found a runed gate.
  2516 | D:4      | Noticed Dire's ghost (amateur HOGl)
  2517 | D:4      | Noticed Hocei's ghost (weakling HOMo)
  2518 | D:4      | Noticed Dire's ghost (amateur HOGl)
  2520 | D:4      | Noticed Woabadd's ghost (amateur HOBe)
  2565 | D:4      | Reached XP level 8. HP: 67/72 MP: 9/12
  2772 | D:4      | Found a glowing golden altar of the Shining One.
  2848 | D:5      | Entered Level 5 of the Dungeon
  2872 | D:5      | Noticed Menkaure
  2933 | D:5      | Killed Menkaure
  2933 | D:5      | Reached skill level 5 in Fighting
  2933 | D:5      | Reached skill level 5 in Staves
  3450 | D:6      | Noticed Blork the orc
  3917 | D:6      | Reached skill level 1 in Long Blades
  4078 | D:6      | Found a basalt altar of Yredelemnul.
  4212 | D:6      | Found an ornate altar of the Wu Jian Council.
  4338 | D:7      | Reached XP level 9. HP: 82/82 MP: 6/13
  4407 | D:7      | Found a staircase to the Ecumenical Temple.
  4470 | Temple   | Entered the Ecumenical Temple
  4704 | D:7      | Reached skill level 5 in Long Blades
  4773 | D:7      | Found an ancient bone altar of Kikubaaqudgha.
  4791 | D:7      | Became a worshipper of Kikubaaqudgha
  4830 | D:7      | Found a stormy altar of Qazlal.
  4987 | D:7      | Noticed a troll
  5004 | D:7      | Killed a troll
  5034 | D:8      | Noticed Joseph
  5039 | D:8      | Noticed Maurice
  5073 | D:7      | Killed Maurice
  5165 | D:8      | Reached XP level 10. HP: 81/92 MP: 9/16
  5635 | D:8      | Reached * piety under Kikubaaqudgha
  5635 | D:8      | Identified Kikubaaqudgha's Collected Works on Sinister Magic (Kikubaaqudgha gifted it to you on level 8 of the Dungeon)
  5635 | D:8      | Received a gift from Kikubaaqudgha
  5726 | D:7      | Reached skill level 5 in Spellcasting
  6023 | D:8      | Killed Joseph
  6230 | D:8      | Found a staircase to the Lair.
  6291 | D:8      | Reached skill level 1 in Maces & Flails
  6294 | D:8      | Found a sacrificial altar of Ru.
  6821 | D:9      | Reached ** piety under Kikubaaqudgha
  6963 | D:9      | Found a staircase to the Orcish Mines.
  7114 | D:9      | Reached *** piety under Kikubaaqudgha
  7114 | D:9      | Identified Kikubaaqudgha's Guide on Darkness (Kikubaaqudgha gifted it to you on level 9 of the Dungeon)
  7114 | D:9      | Received a gift from Kikubaaqudgha
  7127 | D:9      | Noticed a deep elf mage
  7142 | D:9      | Killed a deep elf mage
  7142 | D:9      | Reached XP level 11. HP: 35/103 MP: 16/20
  7172 | D:9      | Reached skill level 5 in Dodging
  7244 | D:9      | Noticed a two-headed ogre
  7256 | D:9      | Killed a two-headed ogre
  7675 | D:10     | Entered Level 10 of the Dungeon
  7714 | D:10     | Reached skill level 1 in Necromancy
  7799 | D:10     | Found Pioc's Weapon Shoppe.
  7812 | D:10     | Bought a +0 lajatang of speed for 517 gold pieces
  8202 | Lair:1   | Entered Level 1 of the Lair of Beasts
  8238 | Lair:1   | Reached skill level 2 in Necromancy
  8338 | Lair:1   | Learned a level 3 spell: Conjure Flame
  8368 | Lair:1   | Noticed a five-headed hydra
  8547 | Lair:1   | Noticed Sonja
  8576 | Lair:1   | Killed Sonja
  8588 | Lair:1   | Reached **** piety under Kikubaaqudgha
  8621 | Lair:1   | Noticed a wolf spider
  8631 | Lair:1   | Killed a wolf spider
  8631 | Lair:1   | Reached skill level 3 in Necromancy
  8973 | Lair:1   | Killed a five-headed hydra
  9322 | Lair:2   | Noticed a four-headed hydra
  9349 | Lair:2   | Killed a six-headed hydra
  9349 | Lair:2   | Reached skill level 4 in Necromancy
  9349 | Lair:2   | Reached skill level 1 in Evocations
  9349 | Lair:2   | Reached XP level 12. HP: 63/110 MP: 5/23
  9683 | Lair:2   | Noticed a six-headed hydra
  9711 | Lair:2   | Killed a six-headed hydra
  9808 | Lair:2   | Noticed a seven-headed hydra
  9819 | Lair:2   | Killed a seven-headed hydra
  9819 | Lair:2   | Reached skill level 5 in Necromancy
 10134 | Lair:2   | Found a staircase to the Shoals.
 10278 | Lair:2   | Found a runed gate.
 10279 | Lair:2   | Found a runed gate.
 10280 | Lair:2   | Found a runed gate.
 10283 | Lair:2   | Noticed GameOver's ghost (journeyman NaWz)
 10755 | D:4      | Killed Woabadd's ghost
 10771 | D:4      | Killed Dire's ghost
 10776 | D:4      | Killed Hocei's ghost
 10780 | D:4      | Killed Dire's ghost
 11093 | Lair:3   | Reached skill level 6 in Necromancy
 11157 | Lair:3   | Found a staircase to the Snake Pit.
 11496 | Lair:3   | Reached ***** piety under Kikubaaqudgha
 11527 | Lair:3   | Reached skill level 7 in Necromancy
 11689 | Lair:3   | Reached skill level 10 in Staves
 12044 | Lair:4   | HP: 4/110 [komodo dragon (31)]
 12046 | Lair:4   | HP: 1/110 [poisoned by a spiny frog]
 12056 | Lair:4   | HP: 6/165 [komodo dragon (12)]
 12061 | Lair:4   | Gained mutation: You can use your snake-like lower body to constrict enemies. [Naga growth]
 12061 | Lair:4   | Reached XP level 13. HP: 24/117 MP: 1/25
 12270 | Lair:4   | Noticed Snorg
 12335 | Lair:4   | Killed Snorg
 12779 | Lair:4   | Got a spiked leather armour
 12795 | Lair:4   | Identified the +1 leather armour "Poutunoi" {rF+ Int+5 Dex+3} (You found it on level 4 of the Lair of Beasts)
 12803 | Lair:4   | Learned a level 5 spell: Agony
 12923 | Lair:5   | Found a staircase to the Slime Pits.
 12924 | Lair:5   | Found a viscous altar of Jiyva.
 13141 | Lair:5   | Reached skill level 5 in Evocations
 13175 | Lair:5   | Reached skill level 1 in Armour
 13443 | Lair:6   | Entered Level 6 of the Lair of Beasts
 13463 | Lair:6   | Noticed Kirke
 13483 | Lair:5   | Killed Kirke
 13509 | Lair:6   | Reached skill level 8 in Necromancy
 13851 | Lair:6   | Learned a level 3 spell: Regeneration
 13892 | Lair:6   | Got an ivory short sword
 13893 | Lair:6   | Identified the cursed +1 short sword of Impermanence {pain, MR+ Str+3 Dex+2} (You found it on level 6 of the Lair of Beasts)
 14071 | Lair:6   | Reached skill level 1 in Charms
 14130 | Lair:6   | HP: 5/117 [blink frog (10)]
 14459 | Lair:6   | Reached XP level 14. HP: 88/126 MP: 20/26
 14677 | Lair:6   | Found a large runed door.
 14679 | Lair:6   | Found a large runed door.
 15579 | Orc:1    | Entered Level 1 of the Orcish Mines
 15717 | Orc:2    | Entered Level 2 of the Orcish Mines
 15721 | Orc:2    | Learned a level 1 spell: Apportation
 15728 | Orc:2    | Found a staircase to the Elven Halls.
 15818 | Orc:2    | Found a roughly hewn altar of Beogh.
 15824 | Orc:2    | Reached skill level 5 in Armour
 15843 | Orc:2    | Found Oqezo's Weapon Shop.
 15872 | Orc:2    | Found a roughly hewn altar of Beogh.
 15957 | Orc:1    | Reached ****** piety under Kikubaaqudgha
 16068 | Orc:1    | Found a roughly hewn altar of Beogh.
 16472 | Orc:2    | Reached skill level 9 in Necromancy
 16594 | Orc:2    | Noticed an orc warlord
 16714 | Orc:2    | Found a roughly hewn altar of Beogh.
 16806 | Orc:2    | Killed an orc warlord
 16807 | Orc:2    | Paralysed by an orc sorcerer for 3 turns
 16868 | Orc:2    | Found Wipnus's Antique Weapon Emporium.
 16869 | Orc:2    | Found a roughly hewn altar of Beogh.
 16871 | Orc:2    | Found Noebrue's Antique Armour Shoppe.
 16948 | Orc:2    | Found a roughly hewn altar of Beogh.
 16972 | Orc:2    | Found Ixaegumo's Antique Armour Shoppe.
 17145 | Orc:2    | Found a roughly hewn altar of Beogh.
 17176 | Orc:2    | Learned a level 5 spell: Bolt of Draining
 17182 | Orc:2    | Learned a level 5 spell: Dispel Undead
 17291 | D:11     | Found Nuofupp's Assorted Antiques.
 17296 | D:11     | Bought a spiked leather armour for 259 gold pieces
 17296 | D:11     | Bought a scroll of enchant weapon for 277 gold pieces
 17296 | D:11     | Bought a scroll labeled ESMOUR PAQOM for 37 gold pieces
 17296 | D:11     | Bought a scroll of enchant weapon for 277 gold pieces
 17307 | D:11     | Identified the +5 leather armour of Trog's Esteem {-Cast rC++ Str+4 SInv} (You bought it in a shop on level 11 of the Dungeon)
 17467 | D:11     | Noticed Urug
 17483 | D:11     | Killed Urug
 17705 | D:11     | Found Foun's General Store.
 17713 | D:11     | Bought a potion of curing for 45 gold pieces
 17713 | D:11     | Bought a ration for 75 gold pieces
 17754 | D:11     | Found Cuak's Assorted Antiques.
 17766 | D:11     | Bought 3 scrolls of teleportation for 216 gold pieces
 17766 | D:11     | Bought a hardcover book for 360 gold pieces
 17766 | D:11     | Bought a scroll of amnesia for 84 gold pieces
 17766 | D:11     | Bought a sedimented ruby potion for 21 gold pieces
 18041 | D:12     | Got a crude ring mail
 18052 | D:12     | Identified the +1 ring mail of Zoozon {MP+9 SInv} (You found it on level 12 of the Dungeon)
 18231 | D:12     | Noticed Harold
 18244 | D:12     | Killed Harold
 18284 | D:12     | Found a burning altar of Makhleb.
 18284 | D:12     | Noticed a balrug
 18752 | D:12     | Reached skill level 5 in Charms
 19292 | D:13     | Found a runed door.
 19294 | D:13     | Noticed Ynaistral's ghost (journeyman MiFi)
 19349 | D:13     | Killed Ynaistral's ghost
 19349 | D:13     | Reached skill level 10 in Necromancy
 19349 | D:13     | Reached XP level 15. HP: 75/132 MP: 7/27
 19694 | D:13     | Found a gate to the Vaults.
 19936 | D:7      | Received a gift from Kikubaaqudgha
 20054 | Lair:2   | Killed GameOver's ghost
 20066 | Lair:2   | Reached skill level 10 in Conjurations
 20800 | D:14     | Reached skill level 11 in Necromancy
 20991 | D:15     | Entered Level 15 of the Dungeon
 21090 | D:15     | Noticed Rupert
 21392 | D:15     | Upgraded the game from 0.22-a0-512-g0943f25 to 0.22-a0-515-g75794bf
 21503 | D:15     | Identified 2 scrolls of acquirement
 21507 | D:15     | Got a brightly glowing naga barding
 21513 | D:15     | Identified the +1 naga barding of Muor {rC++ MP+9 Str-5 Dex+3} (You acquired it on level 15 of the Dungeon)
 21557 | D:15     | Killed Rupert
 21609 | D:15     | HP: 6/134 [meliai/divine providence (9)]
 21988 | D:15     | Found a staircase to the Depths.
 22554 | Snake:1  | Entered Level 1 of the Snake Pit
 22749 | Snake:1  | Found a bloodstained altar of Trog.
 22816 | Snake:1  | Reached XP level 16. HP: 51/144 MP: 22/28
 23019 | Snake:1  | Noticed Aizul
 23026 | Snake:1  | Killed Aizul
 23105 | Snake:1  | Reached skill level 12 in Necromancy
 23449 | Snake:2  | Noticed a nagaraja
 23458 | Snake:2  | Killed a nagaraja
 23884 | Snake:2  | Found Sogedwis's Antique Weapon Emporium.
 24205 | Snake:2  | Reached skill level 10 in Fighting
 24451 | Snake:3  | Reached skill level 10 in Spellcasting
 25195 | Snake:4  | Entered Level 4 of the Snake Pit
 25220 | Snake:4  | Noticed Saint Roka
 25233 | Snake:4  | Killed Saint Roka
 25443 | Snake:4  | Noticed Mara
 25448 | Snake:4  | Noticed GameOver's illusion
 25466 | Snake:4  | Noticed a nagaraja
 25467 | Snake:4  | Noticed a nagaraja
 25467 | Snake:4  | Noticed a nagaraja
 25469 | Snake:4  | Noticed a nagaraja
 25470 | Snake:4  | Noticed a nagaraja
 25565 | Snake:4  | Reached XP level 17. HP: 146/154 MP: 30/31
 25678 | Snake:4  | Killed Mara
 25678 | Snake:4  | Reached skill level 13 in Necromancy
 25777 | Snake:4  | Noticed Agnes
 25787 | Snake:4  | Killed Agnes
 27333 | Snake:4  | Reached XP level 18. HP: 160/166 MP: 30/34
 27397 | Snake:4  | Reached skill level 14 in Necromancy
 27504 | Snake:4  | Got a serpentine rune of Zot
 28088 | Snake:4  | Learned a level 5 spell: Irradiate
 28267 | Shoals:1 | Entered Level 1 of the Shoals
 28486 | Shoals:1 | Noticed Donald
 28504 | Shoals:1 | Killed Donald
 28504 | Shoals:1 | Reached skill level 1 in Transmutations
 28881 | Shoals:2 | Noticed Roxanne
 28911 | Shoals:2 | Killed Roxanne
 28955 | Shoals:2 | Identified Roxanne's Compendium of Shape Shifting (You took it off Roxanne on level 2 of the Shoals)
 29348 | Shoals:2 | Reached skill level 5 in Stealth
 30081 | Shoals:3 | Found Peaf Eppuaqo's Jewellery Emporium.
 30416 | Shoals:4 | Entered Level 4 of the Shoals
 30439 | Shoals:4 | Reached XP level 19. HP: 86/177 MP: 22/35
 30579 | Shoals:4 | Killed from afar by a merfolk aquamancer

Vault maps used:
D:1:      lightli_arrival_windingriver
D:2:      first_ration, uniq_crazy_yiuf_cottage, uniq_terence
D:3:      nemelex_xobeh_ov_fountains_minmay
D:4:      tso_altar, gammafunk_ghost_cemetery, hangedman_decor_points,
          uniq_pikel, uniq_eustachio
D:5:      uniq_menkaure
D:6:      kennysheep_mini_moat, marbit_many_paths, uniq_blork_the_orc
D:7:      nicolae_overflow_crystal_walls, kiku_gazebo_pond_becter,
          minmay_temple_entry_large_hall
D:8:      lemuel_crystal_altar, grunt_lair_entry_orc_guard_hut, david_nohive_1,
          uniq_joseph, uniq_maurice
D:9:      zombieorc1_lemuel, minivault_5
D:10:     kennysheep_small_circle
D:11:     serial_shops, nicolae_shop_crystal, kennysheep_little_box, shop,
          minmay_misc_feat_rugged, minmay_sticks_and_stones, uniq_urug
D:12:     makhleb_altar_promises_db, uniq_harold
D:13:     david_vaults_4, gammafunk_ghost_grave
D:14:     minmay_hedge_maze, statue_in_the_mist_lemuel, minmay_misc_feat_rows
D:15:     grunt_enter_depths_snipers, minmay_misc_feat_square, serial_glass,
          glass_columns_a, glass_columns_a, uniq_rupert
Temple:   regret_index_temple_generic_petals
Lair:1:   minmay_lair_venomous_thicket, lemuel_fruit_tree,
          infiniplex_staircase_pool_2, uniq_sonja
Lair:2:   shoals_dummy_entry, gammafunk_ghost_necromancy
Lair:3:   minmay_snake_entry_six_corridors, serial_bayou_pond_b
Lair:4:   minmay_lair_oklob_items, uniq_snorg
Lair:5:   slime_altar_1
Lair:6:   cheibrodos_lair_end_hotspot, serial_bayou_shore_b, uniq_kirke
Shoals:1: uniq_louise, uniq_donald
Shoals:2: uniq_roxanne
Shoals:3: serial_shops, shop
Shoals:4: shoals_end_grunt_ice, shoals_ilsuiw_alternative, uniq_ilsuiw
Snake:1:  basic_altar, uniq_aizul
Snake:2:  serial_shops, shop
Snake:3:  serial_bayou_shore_b
Snake:4:  grunt_snake_rune_spirals, nicolae_snake_serpentine_hallways,
          hangedman_snake_corridor_split, serial_bayou_shore_b, uniq_mara,
          uniq_agnes, uniq_saint_roka
Orc:1:    basic_altar
Orc:2:    grunt_orc_community_town_hall, grunt_orc_community_big_house_2,
          grunt_orc_community_big_house_2, grunt_orc_community_house_2,
          grunt_orc_community_house_3, grunt_orc_community_house_1,
          grunt_orc_community_house_3, grunt_orc_community_house_3

Skill      XL: |  1  2  3  4  5  6  7  8  9 10 11 12 13 14 15 16 17 18 |
---------------+-------------------------------------------------------+-----
Conjurations   | 2 4 5 6 7 9 10 | 10.0
Fighting       | 1 3 4 6 8 9 10 11 12 | 12.8
Staves         | 1 3 4 5 6 8 10 11 13 | 13.9
Long Blades    | 2 6 7 8 |  8.3
Dodging        | 2 4 5 |  5.0
Spellcasting   | 4 6 7 8 10 12 | 12.0
Maces & Flails | 1 |  1.3
Translocations | 2 3 4 |  4.9
Necromancy     | 4 7 8 10 11 12 13 14 | 14.7
Evocations     | 1 4 5 |  5.0
Armour         | 4 5 7 8 9 |  9.8
Charms         | 2 5 |  5.0
Transmutations | 3 |  3.5
Stealth        | 6 |  6.6
Summonings     | |  1.0

Action                   |  1- 3 |  4- 6 |  7- 9 | 10-12 | 13-15 | 16-18 | 19-21 || total
-------------------------+-------+-------+-------+-------+-------+-------+-------++-------
Melee: Mace              |     1 |       |       |       |       |       |       ||     1
       Short sword       |     1 |    27 |       |       |       |       |       ||    28
       Quarterstaff      |       |    39 |    39 |    50 |       |       |       ||   128
       Falchion          |       |       |    79 |    93 |       |       |       ||   172
       Great sword       |       |       |       |   139 |       |       |       ||   139
       Lajatang          |       |       |       |   358 |  1368 |  1131 |    13 ||  2870
       Constrict         |       |       |       |       |   243 |   214 |     1 ||   458
 Fire: Hunting sling     |       |       |       |    84 |    59 |     4 |       ||   147
 Cast: Magic Dart        |    49 |    44 |   119 |   168 |    14 |       |       ||   394
       Mephitic Cloud    |       |     2 |    10 |    40 |    20 |       |       ||    72
       Blink             |       |       |     2 |    28 |     9 |    18 |       ||    57
       Conjure Flame     |       |       |       |    17 |     4 |       |       ||    21
       Agony             |       |       |       |       |    82 |   138 |     3 ||   223
       Regeneration      |       |       |       |       |    63 |   111 |     4 ||   178
       Apportation       |       |       |       |       |    14 |     7 |     1 ||    22
       Dispel Undead     |       |       |       |       |    21 |       |       ||    21
       Bolt of Draining  |       |       |       |       |    17 |    92 |       ||   109
       Irradiate         |       |       |       |       |       |     1 |       ||     1
Invok: Receive Necronomi |       |       |       |       |     1 |       |       ||     1
 Abil: Spit Poison       |    38 |    26 |    39 |    85 |   110 |   118 |       ||   416
       Evoke Berserk Rag |       |       |       |     3 |     7 |     8 |     1 ||    19
Evoke: Wand              |       |       |     1 |       |     7 |     1 |       ||     9
  Use: Scroll            |       |     6 |     2 |    13 |    25 |     9 |     1 ||    56
       Potion            |       |       |     3 |     6 |    10 |     1 |     1 ||    21
 Stab: Confused          |       |     1 |     2 |    19 |     4 |       |       ||    26
       Sleeping          |       |       |     2 |     4 |     8 |     3 |       ||    17
       Paralysed         |       |       |     3 |       |     4 |       |       ||     7
       Distracted        |       |       |       |       |     2 |     2 |       ||     4
  Eat: Chunk             |     3 |     4 |    12 |    18 |    63 |    32 |     2 ||   134
       Ration            |       |       |       |     3 |     2 |     8 |       ||    13
Armor: Robe              |     3 |    24 |    48 |   195 |     6 |       |       ||   276
       Skin              |       |       |       |    32 |     8 |       |       ||    40
       Leather armour    |       |       |       |       |   343 |   418 |    13 ||   774
Dodge: Dodged            |     8 |    25 |    81 |   444 |   649 |   312 |    19 ||  1538
       Rpst.: Falchion   |       |       |    13 |    29 |       |       |       ||    42
       Great sword       |       |       |       |    30 |       |       |       ||    30

Table legend:
 A = Spawn XP
 B = Non-spawn XP
 C = Spawn XP percentage of total XP
 D = Spawn monster count
 E = Non-spawn monster count
 F = Spawn count percentage of total count
 G = Total turns spent on level
                    A         B        C        D         E        F      G
               +---------+---------+-------+---------+---------+-------+---------
         Total |       0 |  318150 |   0.0 |       0 |    1068 |   0.0 | 30579
               +---------+---------+-------+---------+---------+-------+---------
           D:1 |       0 |      50 |   0.0 |       0 |      27 |   0.0 |   739
           D:2 |       0 |     108 |   0.0 |       0 |      11 |   0.0 |   677
           D:3 |       0 |      79 |   0.0 |       0 |      23 |   0.0 |   457
           D:4 |       0 |    2050 |   0.0 |       0 |      20 |   0.0 |  1090
           D:5 |       0 |     548 |   0.0 |       0 |      11 |   0.0 |   603
           D:6 |       0 |     444 |   0.0 |       0 |      13 |   0.0 |   938
           D:7 |       0 |    2962 |   0.0 |       0 |      41 |   0.0 |  1399
           D:8 |       0 |    2334 |   0.0 |       0 |      40 |   0.0 |  1035
           D:9 |       0 |    3527 |   0.0 |       0 |      57 |   0.0 |  1011
          D:10 |       0 |    1475 |   0.0 |       0 |      14 |   0.0 |   568
          D:11 |       0 |    3713 |   0.0 |       0 |      21 |   0.0 |   818
          D:12 |       0 |    6982 |   0.0 |       0 |      40 |   0.0 |   969
          D:13 |       0 |   10314 |   0.0 |       0 |      42 |   0.0 |   980
          D:14 |       0 |    8730 |   0.0 |       0 |      28 |   0.0 |   805
          D:15 |       0 |   19145 |   0.0 |       0 |      49 |   0.0 |  1302
        Lair:1 |       0 |    4793 |   0.0 |       0 |      25 |   0.0 |  1119
        Lair:2 |       0 |    9564 |   0.0 |       0 |      28 |   0.0 |  1644
        Lair:3 |       0 |    5775 |   0.0 |       0 |      44 |   0.0 |  1141
        Lair:4 |       0 |    6005 |   0.0 |       0 |      22 |   0.0 |   885
        Lair:5 |       0 |    5012 |   0.0 |       0 |      11 |   0.0 |   670
        Lair:6 |       0 |   20847 |   0.0 |       0 |      61 |   0.0 |  1924
      Shoals:1 |       0 |    7615 |   0.0 |       0 |      14 |   0.0 |   489
      Shoals:2 |       0 |   15628 |   0.0 |       0 |      32 |   0.0 |   780
      Shoals:3 |       0 |   20399 |   0.0 |       0 |      42 |   0.0 |   880
      Shoals:4 |       0 |    3954 |   0.0 |       0 |       7 |   0.0 |   163
       Snake:1 |       0 |   11922 |   0.0 |       0 |      19 |   0.0 |   818
       Snake:2 |       0 |   24269 |   0.0 |       0 |      43 |   0.0 |  1125
       Snake:3 |       0 |    9844 |   0.0 |       0 |      19 |   0.0 |   821
       Snake:4 |       0 |  100425 |   0.0 |       0 |     140 |   0.0 |  2878
         Orc:1 |       0 |    2168 |   0.0 |       0 |      38 |   0.0 |   623
         Orc:2 |       0 |    7469 |   0.0 |       0 |      86 |   0.0 |  1020
               +---------+---------+-------+---------+---------+-------+---------
